Stain, lawful female human Knight -------------- |............-# -------------- #.............|# |[[][[[[[[[[[| #|............|# |[[[[[[[[[[[[| ----- #.............|# |[)@m[[[[[[[[| |...| ###|.....^.`....|# |@...........| #-...| # --------------# -|------------ #|....##### # ######### #---+- # # # ##### ## # ### # # # # # ---.---## -------------# # |......## +...........|# #----- |..<..|## |...........|# #|...| |...... ##############-....^......-# #|...| |.....| ------------- #|...| ------- #....| ----- Stain the Gallant Experience level: 1 Strength: 16 Dexterity: 8 Constitution: 11 Intelligence: 7 Wisdom: 16 Charisma: 17 Health: 0(16) Energy: 6(6) Def: 8 Gold: 212 Moves: 1227 Dungeon seed: wsoRvTy5WdP3Yyq1 Game ID: Stain_1511282999 Your Inventory: Coins $ - 212 gold pieces Weapons a - an uncursed +1 long sword (weapon in hand) b - an uncursed +1 lance Armor e - an uncursed +1 ring mail (being worn) n - a blessed +0 helmet (being worn) q - an uncursed +0 small shield (being worn) r - an uncursed +0 pair of leather gloves (being worn) y - an uncursed +0 pair of kicking boots (being worn) Comestibles c - 13 uncursed apples d - 11 uncursed carrots k - an uncursed lichen corpse Scrolls g - an uncursed scroll of teleportation Spellbooks i - an uncursed spellbook of cause fear Potions j - an uncursed potion of blindness Wands f - an uncursed wand of cancellation (0:6) Spells and supernatural/magical abilities: Spells marked with '*' are forgotten. Spells marked with '!' are maintained. Spells marked with '#' are aliased with 'castalias'. Name Level Category Fail Memory U - detect unseen 3 divination 100% 99% W - pray for help -- divine ? -- X - turn undead -- divine ? -- Your skills at the end: Fighting Skills riding [Basic] wands [Basic] Weapon Skills long sword [Basic] lance [Basic] Spellcasting Skills Final Attributes: You were piously aligned. You could jump. You are dead. Vanquished creatures: a yellow mold a gecko 4 jackals 2 sewer rats 2 grid bugs 2 lichens 2 newts 14 creatures vanquished. Voluntary challenges: You were an atheist. You used a wielded weapon 13 times, starting on turn 292. You read items or engraved 10 times, starting on turn 17. You never genocided any monsters. You never polymorphed an object. You never changed form. You used no wishes. You never split a pudding. You never wrote Elbereth's name. You violated your moral code, losing 3 points of alignment, starting on turn 195. Dungeon overview: The Dungeons of Doom: levels 1 to 3 Level 1 a long staircase Level 2 a fountain, a vault a long staircase Level 3 <- You were here an armor shop History has recorded: On T:1 you entered the Dungeons of Doom to retrieve the Amulet of Yendor! On T:488 you reached level 2 of The Dungeons of Doom. On T:908 you reached level 3 of The Dungeons of Doom. Score breakdown: Gold: 212 ( 7920 points) Experience: 1 level ( 0 points) Exploration: 3 levels ( 6.38%) ( 6255 points) Discoveries: 1 item ( 0.40%) ( 1897 points) Valuables value: (no points given unless you survive) Artifact value: 0 ( 0 points) Variety of kills: 7 monsters ( 1.84%) ( 4071 points) Turncount: 1227 turns ( 0 points) Survival: died (score multiplied by 80%) Total score: 16114 Latest messages: "Salutations, Stain! Welcome to Ermenak's used armor dealership!" You stop exploring. You miss the lichen. You kill the lichen! You see here a lichen corpse. k - a lichen corpse. "Salutations, Stain! Welcome again to Ermenak's used armor dealership!" You see here an orcish bow (45 zorkmids). You see here a pair of high boots (9 zorkmids). A pair of high boots, price 9 zorkmids. You see here an orcish bow (45 zorkmids). You see here a ring mail (75 zorkmids). Wait! That's a small mimic! You hit the small mimic! You miss the small mimic. (2x) The small mimic hits! You hit the small mimic! You miss the small mimic. (2x) You hit the small mimic! The small mimic hits! You die... Ermenak gratefully inherits all your possessions. Final status: Fare thee well Stain the Knight, killed by a small mimic... You died in The Dungeons of Doom on dungeon level 3 with 16114 points, and 212 pieces of gold, after 1227 moves. You were level 1 with a maximum of 16 hit points when you died.